 Dungeon Crawl Stone Soup version 0.25-a0-246-g58704a1ebd (webtiles) character file.

Game seed: 7054616772015208886, levelgen mode: classic

4898 Borgoz the Fighter (level 10, -14/65 HPs)
             Began as a Gargoyle Fighter on Dec 3, 2019.
             Was an Elder of Okawaru.
             Demolished by a two-headed ogre
             ... wielding a +0 giant club
              (15 damage)
             ... on level 8 of the Dungeon.
             The game lasted 00:10:45 (6654 turns).

Borgoz the Fighter (Gargoyle Fighter)               Turns: 6654, Time: 00:10:45

Health: -14/65     AC: 20    Str: 31    XL:     10   Next: 51%
Magic:  12/12      EV:  8    Int:  9    God:    Okawaru [****..]
Gold:   503        SH: 12    Dex: 13    Spells: 9/9 levels left

rFire    . . .     SeeInvis .   w - +2 whip of Cekluix {slash, MR+ Str+4 Dex+3} (curse)
rCold    . . .     Gourm    .   c - +0 shield
rNeg     + . .     Faith    .   b - +0 scale mail
rPois    ∞         Spirit   .   l - +1 helmet
rElec    +         Reflect  .   s - +0 cloak
rCorr    .         Harm     .   o - +0 pair of gloves
MR       +....                  (no boots)
Stlth    ..........             (no amulet)
HPRegen  0.20/turn              (no ring)
MPRegen  0.13/turn              (no ring)

@: mighty, berserk cooldown, very slightly contaminated, slowed, invisible
(expiring), very slow
A: negative energy resistance 1, electricity resistance, unbreathing,
petrification resistance, rot immunity, AC +7
a: Heroism, Renounce Religion


You were on level 8 of the Dungeon.
You worshipped Okawaru.
Okawaru was greatly pleased with you.
You were hungry.

You visited 2 branches of the dungeon, and saw 9 of its levels.
You also visited: Ossuary.

You collected 503 gold pieces.

Inventory:

Hand Weapons
 a - a +1 flail
 w - the cursed +2 whip of Cekluix (weapon) {slash, MR+ Str+4 Dex+3}
   (You found it on level 6 of the Dungeon)

   It inflicts extra damage upon your enemies.
   It affects your strength (+4).
   It affects your dexterity (+3).
   It affects your resistance to hostile enchantments.
   It has a curse placed upon it.
Missiles
 y - 2 throwing nets (quivered)
Armour
 b - a +0 scale mail (worn)
 c - a +0 shield (worn)
 l - a +1 helmet (worn)
 o - a +0 pair of gloves (worn)
 s - a +0 cloak (worn)
Jewellery
 C - an uncursed ring of poison resistance {unknown}
 D - a cursed amulet of inaccuracy {unknown}
Wands
 e - a wand of flame (6)
 r - a wand of iceblast (3)
 G - a wand of enslavement (7)
Scrolls
 n - 2 scrolls of noise {unknown}
 p - 6 scrolls of teleportation
 q - 7 scrolls of remove curse
 t - 2 scrolls of amnesia {unknown}
 v - 4 scrolls of enchant weapon
 x - a scroll of enchant armour
 z - a scroll of identify
 E - a scroll of magic mapping {unknown}
Potions
 g - 4 potions of flight
 i - a potion of brilliance
 j - a potion of invisibility
 k - 4 potions of haste {unknown}
 m - 5 potions of lignification {unknown}
 u - 2 potions of magic {unknown}
 A - 3 potions of resistance
 F - a potion of ambrosia {unknown}
Comestibles
 f - 12 rations
 B - 3 chunks of flesh


   Skills:
 * Level 8.8 Fighting
 * Level 7.7 Maces & Flails
 * Level 8.8 Armour
 + Level 8.0 Shields
 + Level 3.3 Invocations
 + Level 2.7 Evocations


You had 9 spell levels left.
You didn't know any spells.
Your spell library contained the following spells:

 Spells                   Type           Power        Failure   Level  Hunger
 Animate Skeleton         Necr           N/A          88%         1    ##.....
 Apportation              Tloc           #.....       88%         1    ##.....
 Confusing Touch          Hex            #.....       88%         1    ##.....
 Corona                   Hex            #......      88%         1    ##.....
 Summon Small Mammal      Summ           #...         88%         1    ##.....
 Ensorcelled Hibernation  Hex/Ice        #.....       95%         2    ###....
 Confuse                  Hex            #.......     99%         3    ####...
 Dazzling Flash           Conj/Hex       #.....       99%         3    ####...
 Tukima's Dance           Hex            #.......     99%         3    ####...


Dungeon Overview and Level Annotations

Branches:
Dungeon (8/15)             Temple (1/1) D:6         Ossuary (visited)
   Lair: D:8-11

Altars:
Ashenzari
Cheibriados
Dithmenos
Fedhas
Gozag
Hepliaklqana
Makhleb
Nemelex Xobeh
Okawaru
Qazlal
Ru
Sif Muna
Trog
Vehumet
Wu Jian
Xom
Yredelemnul
Zin
The Shining One


Innate Abilities, Weirdness & Mutations

You are resistant to torment.
Your stone body is resilient. (AC +7)
You are immune to poison.
You resist negative energy. (rN+)
You are resistant to electric shocks. (rElec)
You can survive without breathing.
You are immune to petrification.
You are immune to rotting.


Message History

The centaur warrior shoots an arrow.
The arrow misses the tengu warrior.
The arrow hits you!
* * * LOW HITPOINT WARNING * * *
The hound barks!
You see here an arrow.
Okay, then.
Okay, then.
Okay, then.
As you read the scroll of teleportation, it crumbles to dust.
You feel strangely unstable.
The hound pauses to sniff the ground.
The gargoyle hurls a stone arrow at you.
The stone arrow hits the tengu warrior!!
The tengu warrior closely misses you. The tengu warrior barely misses you.
You block the tengu warrior's attack.
Your surroundings suddenly seem different.
A two-headed ogre comes into view.
It is wielding a +0 giant club and a +0 dire flail.
The two-headed ogre shouts in stereo!
The two-headed ogre hits you with a +0 giant club!
You die...

.## ..#
..# ..#
... )÷#
#.# ..#
#.# .(# ##
#.# ####
.(#####...
#.# ....#
.(......#.
#.#.....#
.(........
#@O.....#
..(.......
###.....#
..#######.
....# ..#
#### ..#
..# ..###
....# ##
###.# ..


You could see a two-headed ogre.

Vanquished Creatures
  Gastronok (D:8)
  A centaur warrior (D:8)
  A komodo dragon (D:8)
  Grinder (D:5)
  A hippogriff (D:8)
  Sigmund (D:2)
  3 orc warriors
  An ice beast (D:5)
  Purgy (D:3)
  A phantom (D:5)
  3 ogres
  3 centaurs
  An elf zombie (Ossuary)
  3 bullfrogs
  2 scorpions
  A howler monkey (D:6)
  4 crimson imps
  2 human zombies (Ossuary)
  2 centaur zombies (Ossuary)
  3 hounds
  2 orc priests
  3 jellies
  4 orc wizards
  Ijyb (D:3)
  3 worker ants
  2 killer bee zombies
  4 big kobold zombies (Ossuary)
  A hound skeleton (D:3)
  2 mummies (Ossuary)
  Robin (D:1)
  2 howler monkey zombies (D:6)
  A worker ant zombie (D:5)
  4 gnolls (D:3)
  8 adders
  A shadow imp (D:6)
  4 worms
  A dart slug (D:2)
  5 leopard geckos
  5 orcs
  4 bats
  4 giant cockroaches
  14 goblins
  13 hobgoblins
  7 jackals
  5 quokkas
  3 frilled lizards
  A goblin zombie (Ossuary)
  7 hobgoblin zombies (Ossuary)
  8 kobolds
  9 kobold zombies (Ossuary)
  11 orc zombies (Ossuary)
  A quokka zombie (D:7)
  11 rats
188 creatures vanquished.

Vanquished Creatures (others)
  A hungry ghost (D:8)
  A bullfrog (D:8)
2 creatures vanquished.

Grand Total: 190 creatures vanquished

Notes
Turn   | Place    | Note
-------+----------+-------------------------------------------
     0 | D:1      | Borgoz the Gargoyle Fighter began the quest for the Orb.
     0 | D:1      | Reached XP level 1. HP: 14/14 MP: 1/1
   249 | D:1      | Reached XP level 2. HP: 19/19 MP: 2/2
   588 | D:1      | Reached XP level 3. HP: 23/23 MP: 3/3
   768 | D:2      | Noticed Robin
   982 | D:1      | Killed Robin
  1001 | D:2      | Reached XP level 4. HP: 19/29 MP: 4/4
  1072 | D:2      | Found an opulent altar of Gozag.
  1174 | D:2      | Noticed Sigmund
  1385 | D:2      | Killed Sigmund
  1385 | D:2      | Reached XP level 5. HP: 21/34 MP: 5/5
  1385 | D:2      | Reached XP level 6. HP: 24/39 MP: 6/6
  1532 | D:2      | Found a snail-covered altar of Cheibriados.
  2505 | D:3      | Noticed Ijyb
  2517 | D:3      | Killed Ijyb
  2547 | D:3      | Noticed Purgy
  2562 | D:3      | Killed Purgy
  2562 | D:3      | Reached skill level 5 in Fighting
  2562 | D:3      | Reached skill level 5 in Armour
  2562 | D:3      | Reached skill level 5 in Shields
  2562 | D:3      | Reached XP level 7. HP: 27/44 MP: 7/7
  3077 | D:4      | Found a sacrificial altar of Ru.
  3403 | D:5      | Entered Level 5 of the Dungeon
  3507 | D:5      | Found a sand-covered staircase.
  3515 | Ossuary  | Entered an ossuary
  3700 | Ossuary  | Reached XP level 8. HP: 29/51 MP: 8/8
  3813 | D:5      | Reached skill level 5 in Maces & Flails
  4113 | D:5      | Noticed Grinder
  4121 | D:5      | Paralysed by Grinder for 3 turns
  4138 | D:5      | Paralysed by Grinder for 4 turns
  4154 | D:5      | Killed Grinder
  4425 | D:5      | Found a shimmering altar of Xom.
  4426 | D:5      | Found a burning altar of Makhleb.
  4504 | D:5      | Found a shimmering blue altar of Sif Muna.
  4595 | D:6      | Got an ancient whip
  4596 | D:6      | Identified the cursed +2 whip of Cekluix {slash, MR+ Str+4
                  | Dex+3} (You found it on level 6 of the Dungeon)
  4597 | D:6      | Found a staircase to the Ecumenical Temple.
  4605 | Temple   | Entered the Ecumenical Temple
  4799 | Temple   | Became a worshipper of Warmaster Okawaru
  4936 | D:6      | Reached XP level 9. HP: 36/56 MP: 9/9
  5175 | D:6      | Found a radiant altar of Vehumet.
  5411 | D:6      | Found a sparkling altar of Nemelex Xobeh.
  5593 | D:6      | Reached skill level 1 in Invocations
  5604 | D:6      | Reached * piety under Okawaru
  5611 | D:6      | Reached skill level 1 in Evocations
  6329 | D:8      | Reached ** piety under Okawaru
  6610 | D:8      | Noticed a centaur warrior
  6611 | D:8      | Noticed a gargoyle
  6611 | D:8      | Noticed a tengu warrior
  6611 | D:8      | Noticed a komodo dragon
  6611 | D:8      | Noticed Gastronok
  6611 | D:8      | Noticed a centaur warrior
  6631 | D:8      | Killed Gastronok
  6631 | D:8      | Reached *** piety under Okawaru
  6631 | D:8      | Reached XP level 10. HP: 64/65 MP: 10/12
  6648 | D:8      | Killed a centaur warrior
  6648 | D:8      | Reached **** piety under Okawaru
  6652 | D:8      | HP: 1/65 [centaur warrior/arrow (13)]
  6654 | D:8      | Noticed a two-headed ogre
  6654 | D:8      | Demolished by a two-headed ogre

Levels and vault maps discovered:
D:1:      psy_arrival_terrarium, layout_basic, serial_glass, glass_columns_b,
          glass_columns_b
D:2:      layout_rooms, nicolae_gozag_seed_capital,
          nicolae_overflow_crystal_walls, first_ration, hangedman_glass_teeth,
          uniq_robin, uniq_sigmund
D:3:      layout_loops_ring, uniq_ijyb, uniq_purgy
D:4:      layout_basic, overflow_temple_1_default
D:5:      layout_rooms, grunt_temple_overflow_champion_of_chaos,
          lemuel_blue_sif_altar, nicolae_ossuary_entry_monument, uniq_grinder
D:6:      minmay_chambers_of_threes, layout_basic,
          nemelex_xobeh_ov_fountains_minmay, lemuel_crystal_altar,
          minmay_temple_entry_glassed_door
D:7:      layout_basic
D:8:      minmay_the_grid_octo_2x2 [minmay_the_grid_octo_tetromino_candy,
          minmay_the_grid_octo_77, minmay_the_grid_octo_clover,
          minmay_the_grid_octo_prize_big_c], layout_loops_cross, uniq_gastronok
Temple:   bh_familiar_temple

Skill      XL: |  1  2  3  4  5  6  7  8  9 10 |
---------------+-------------------------------+-----
Armour         | 4 5 7 8 |  8.8
Shields        | 4 5 6 7 8 |  8.0
Fighting       | 4 5 6 8 |  8.8
Maces & Flails | 3 4 5 7 |  7.7
Invocations    | 3 |  3.3
Evocations     | 2 |  2.7

Action                   |  1- 3 |  4- 6 |  7- 9 | 10-12 || total
-------------------------+-------+-------+-------+-------++-------
Melee: Flail             |    88 |   178 |   275 |       ||   541
       Whip              |       |       |   229 |    13 ||   242
  Use: Potion            |     1 |     4 |     7 |     2 ||    14
       Scroll            |       |     6 |     7 |     1 ||    14
 Stab: Invisible         |       |     3 |       |     2 ||     5
  Eat: Chunk             |       |     6 |    14 |     2 ||    22
Armor: Scale mail        |    93 |   121 |   268 |     5 ||   487
Dodge: Dodged            |    51 |    85 |   125 |    14 ||   275
Block: Shield            |    71 |   122 |   252 |    14 ||   459

Table legend:
 A = Non-vault XP
 B = Vault XP
 C = Vault XP percentage of total XP
 D = Non-vault monster count
 E = Vault monster count
 F = Vault count percentage of total count
                 A         B        C        D         E       F
            +---------+---------+-------+---------+---------+-------
      Total |    2824 |    4174 |  59.6 |     120 |      70 |  36.8
            +---------+---------+-------+---------+---------+-------
        D:1 |      40 |      30 |  42.9 |      25 |       9 |  26.5
        D:2 |      74 |     224 |  75.2 |      19 |       3 |  13.6
        D:3 |     116 |     168 |  59.2 |      20 |       2 |   9.1
        D:4 |     145 |       0 |   0.0 |      11 |       0 |   0.0
        D:5 |     605 |     322 |  34.7 |      14 |       2 |  12.5
        D:6 |     770 |     422 |  35.4 |      14 |      10 |  41.7
        D:7 |     418 |       0 |   0.0 |       8 |       0 |   0.0
        D:8 |     656 |    2569 |  79.7 |       9 |       5 |  35.7
    Ossuary |       0 |     439 | 100.0 |       0 |      39 | 100.0
            +---------+---------+-------+---------+---------+-------
